 Dungeon Crawl Stone Soup version 0.16.1-51-g6203257 (webtiles) character file.

475 hannobal the Firebug (level 6, -2/45 HPs)
             Began as a Demigod Fire Elementalist on July 30, 2015.
             Killed from afar by Blork the orc (18 damage)
             ... with a puff of flame
             ... on level 4 of the Dungeon.
             The game lasted 00:20:32 (4205 turns).

hannobal the Firebug (Demigod Fire Elementalist)    Turns: 4205, Time: 00:20:32

Health: -2/45      AC:  5    Str: 11    XL:     6   Next: 54%
Magic:  10/17      EV: 12    Int: 23    God:
Gold:   207        SH:  0    Dex: 16    Spells: 4 memorised, 2 levels left

rFire  x . .     SeeInvis .     a - +2 dagger (venom)
rCold  + . .     Clarity  .     m - +0 robe
rNeg   . . .     SustAb   +     (no shield)
rPois  .         Gourm    .     (no helmet)
rElec  .         Spirit   .     h - +1 cloak
rCorr  +         Warding  .     C - +0 pair of gloves
rMut   .         Stasis   .     (no boots)
MR     +....                    y - amulet of resist corrosion
Stlth  ++........               o - ring of ice
                                D - ring of protection from magic

@: somewhat resistant to hostile enchantments, unstealthy
A: sustain abilities
a: no special abilities


You were on level 4 of the Dungeon.
You were hungry.

You visited 1 branch of the dungeon, and saw 4 of its levels.

You collected 207 gold pieces.

Inventory:

Hand weapons
 a - a +2 dagger of venom (weapon)
 e - a +0 club
 f - a +1 short sword
 n - a +0 flail
 p - a +0 spear
 q - a +1 mace of holy wrath
Missiles
 d - 91 stones (quivered)
 i - 21 poisoned needles
 j - 62 arrows
 r - 6 tomahawks
 s - 36 bolts
 t - a throwing net
 w - 15 steel bolts
 x - 15 silver bolts
Armour
 g - a +0 leather armour
 h - a +1 cloak (worn)
 l - a +0 ring mail
 m - a +0 robe (worn)
 C - a +0 pair of gloves (worn)
Jewellery
 o - a ring of ice (right hand)
 u - an uncursed ring of fire
 y - an amulet of resist corrosion (around neck)
 D - a ring of protection from magic (left hand)
Magical devices
 z - a wand of polymorph (10)
Scrolls
 v - a scroll of teleportation
Potions
 k - a potion of haste
 A - a potion of curing
Books
 b - a book of Flames

   Spells                             Type                      Level
   a - Flame Tongue                   Conjuration/Fire             1
   b - Throw Flame                    Conjuration/Fire             2
   c - Conjure Flame                  Conjuration/Fire             3
   d - Inner Flame                    Hexes/Fire                   3
   e - Sticky Flame                   Conjuration/Fire             4
   f - Fireball                       Conjuration/Fire             5
Comestibles
 c - 2 bread rations
 B - 4 chunks of flesh


   Skills:
 - Level 1.7 Dodging
 - Level 1.7 Stealth
 - Level 3.5 Spellcasting
 + Level 3.6 Conjurations
 - Level 5.0 Fire Magic


You had 2 spell levels left.
You knew the following spells:

 Your Spells              Type           Power        Failure   Level  Hunger
c - Conjure Flame         Conj/Fire      ##......     8%          3    ###....
d - Sticky Flame          Conj/Fire      ##......     21%         4    ####...
t - Throw Flame           Conj/Fire      ##....       2%          2    #......
z - Flame Tongue          Conj/Fire      ##...        1%          1    None


Dungeon Overview and Level Annotations

Branches:
Dungeon (4/15)
 Temple: D:4-7

Annotations:
D:4 Blork the orc


Innate Abilities, Weirdness & Mutations

Your attributes are resistant to harm.


Message History

Blork the orc points at you and mumbles some strange words.
The puff of frost hits you!
You feel a terrible chill!
Casting: Conjure Flame
Confirm with . or Enter, or press ? or * to list all spells.
Aiming: Conjure Flame
Press: ? - help, Dir - move target cursor You feel a surge of power!
The fire roars!
You are feeling hungry.
Put on which piece of jewellery? (? for menu, Esc to quit)
You're wearing all the rings you can.
Remove which one? (? for menu, Esc to cancel) < or
D - a ring of protection from magic > or
u - a ring of fire You remove your ring of fire.
You feel more attuned to ice.
o - a ring of ice (right hand) Blork the orc zaps a wand.
The puff of frost misses you.
Blork the orc gestures at you while chanting.
The puff of flame hits you! The fire burns you terribly!
You die...

#...[.#..##..##..# #..#
#....).<..#...##.# ##.#
#.....#.....#[##.######.#
#.....#..#.....#......#..
########.................
#.................
#.................
#.................
#@................
#.................
#.................
#.................
##.>............#.
#.######........>
#.o####o..#...)..
##..##..#.#......
##..§o##......##


You could see Blork the orc.

Vanquished Creatures
  A phantom (D:3)
  2 orc priests (D:3)
  2 worker ants
  Natasha (thrice) (D:3)
  6 adders
  8 gnolls
  A giant mite (D:3)
  2 worms
  2 giant geckos
  An ooze (D:3)
  3 orcs (D:3)
  2 ball pythons (D:2)
  A bat skeleton (D:4)
  7 giant cockroaches
  11 hobgoblins
  10 jackals
  10 kobolds
  8 bats
  A giant gecko skeleton (D:4)
  4 giant newts
  6 goblins
  2 quokkas
  A quokka skeleton (D:3)
  4 rats
  A spectral orc (D:3)
99 creatures vanquished.

Notes
Turn   | Place    | Note
--------------------------------------------------------------
     0 | D:1      | hannobal, the Demigod Fire Elementalist, began the quest for the Orb.
     0 | D:1      | Reached XP level 1. HP: 14/14 MP: 3/3
    39 | D:1      | Reached skill level 1 in Conjurations
   482 | D:1      | Reached XP level 2. HP: 20/20 MP: 1/4
  1116 | D:2      | Reached XP level 3. HP: 24/26 MP: 1/8
  1403 | D:2      | Reached skill level 3 in Conjurations
  1413 | D:2      | Learned a level 2 spell: Throw Flame
  1417 | D:2      | Learned a level 3 spell: Conjure Flame
  1791 | D:2      | Reached XP level 4. HP: 33/33 MP: 6/10
  1822 | D:2      | Found a white marble altar of Elyvilon.
  2171 | D:2      | Found a sacrificial altar of Ru.
  2669 | D:3      | Reached skill level 4 in Fire Magic
  2773 | D:3      | Noticed Natasha
  2777 | D:3      | Killed Natasha
  2777 | D:3      | Reached XP level 5. HP: 35/38 MP: 9/12
  2879 | D:3      | Noticed Natasha
  2888 | D:3      | Killed Natasha
  3155 | D:3      | Noticed Natasha
  3157 | D:3      | Killed Natasha
  3198 | D:3      | Found a basalt altar of Yredelemnul.
  3343 | D:3      | Reached skill level 5 in Fire Magic
  3669 | D:3      | Reached XP level 6. HP: 28/45 MP: 3/15
  4046 | D:4      | Learned a level 4 spell: Sticky Flame
  4170 | D:4      | Noticed Blork the orc
  4205 | D:4      | Killed from afar by Blork the orc

Action                   |  1- 3 |  4- 6 || total
-------------------------+-------+-------++-------
Melee: Unarmed           |    17 |       ||    17
       Short sword       |     6 |       ||     6
       Dagger            |     1 |     1 ||     2
       Spear             |       |     1 ||     1
Throw: Stone             |     4 |     2 ||     6
 Cast: Flame Tongue      |    63 |   125 ||   188
       Conjure Flame     |     1 |     7 ||     8
       Throw Flame       |       |     1 ||     1
  Use: Scroll            |     7 |     4 ||    11
       Potion            |     2 |     2 ||     4
 Stab: Sleeping          |       |     1 ||     1
  Eat: Chunk             |     4 |     8 ||    12
